AoeStats
← Ambr0sin0

Arena

510624597Analyzed
1v1 RM · 1d ago on Oct 1, 2026· 74m 15s· 2 players
Game mode
Random Map
Map size
Tiny (2 player)
Population
200
Speed
Normal
Resources
Standard
Victory
Conquest
Starting age
Dark Age
Ending age
Imperial Age
RankedLock teamsTeams togetherTeam positionsShared explorationLock speedFull tech treeHidden civsTurbo modeCheats
Victory
Defeat
🇫🇷 Romans · France
100
+12
🇪🇸 Huns · Spain
—
clavijocabralesjavier
0:37 Loom
11:44 Feudal Age
13:49 Double-Bit Axe
13:51 Horse Collar
20:37 Gold Mining
21:03 Stone Mining
21:03 Town Watch
23:22 Castle Age
21:40 Forging
21:31 Scale Mail Armor
22:37 Fletching
22:48 Padded Archer Armor
24:48 Wheelbarrow
25:50 Heavy Plow
31:58 Gold Shaft Mining
35:19 Scale Barding Armor
35:32 Chain Mail Armor
35:52 Iron Casting
35:12 Bodkin Arrow
43:40 Imperial Age
41:26 Hand Cart
43:24 Iron Casting
43:04 Leather Archer Armor
43:36 Hand Cart
43:21 Town Patrol
44:30 Squires
43:51 Pikeman
45:29 Halberdier
45:29 Man-at-Arms
45:35 Elite Skirmisher
48:03 Bow Saw
52:01 Elite Tarkan
53:33 Long Swordsman
54:00 Arson
55:44 Chain Barding Armor
56:25 Blast Furnace
55:40 Masonry
57:34 Chemistry
58:04 Guilds
58:40 Plate Barding Armor
58:01 Two-Handed Swordsman
60:23 Husbandry
60:33 Bloodlines
59:44 Cavalier
59:45 Light Cavalry
59:51 Crossbowman
61:59 Conscription
61:09 Capped Ram
64:41 Sappers
65:33 Atheism
65:14 Marauders
66:21 Paladin
72:08 Blast Furnace
71:08 Bracer
71:09 Murder Holes
72:23 Bracer
73:32 Two-Man Saw
Ambr0sin0
0:52 Loom
13:34 Feudal Age
14:03 Horse Collar
14:19 Double-Bit Axe
15:13 Wheelbarrow
18:40 Gold Mining
18:53 Man-at-Arms
19:46 Forging
24:53 Castle Age
26:28 Hand Cart
26:34 Squires
29:33 Heavy Plow
29:51 Bow Saw
31:59 Gold Shaft Mining
31:49 Stone Mining
32:04 Pikeman
34:44 Iron Casting
34:10 Scale Mail Armor
34:16 Scale Barding Armor
35:43 Bloodlines
35:34 Husbandry
38:28 Imperial Age
39:04 Chain Barding Armor
39:00 Chain Mail Armor
40:45 Crop Rotation
41:32 Plate Barding Armor
41:58 Blast Furnace
43:02 Masonry
43:06 Fortified Wall
43:00 Murder Holes
44:24 Comitatenses
44:27 Conscription
46:47 Architecture
46:12 Guard Tower
48:55 Halberdier
54:52 Elite Centurion
Connection lost

Rejoining the realm…

Still unreachable

The connection could not be restored.

Session expired

The server has moved on; the page needs a fresh start.